 Dungeon Crawl Stone Soup version 0.29-a0-872-g797fff5ad1 (webtiles) character file.

Game seed: 2279582374840813985

553 HoaS the Skirmisher (level 7, -9/40 HPs)
             Began as a Gargoyle Hunter on July 18, 2022.
             Mangled by a wyvern skeleton (11 damage)
             ... on level 3 of the Dungeon.
             The game lasted 00:09:15 (3521 turns).

HoaS the Skirmisher (Gargoyle Hunter)               Turns: 3521, Time: 00:09:16

Health: -9/40      AC:  8    Str: 15    XL:     7   Next: 29%
Magic:  7/7        EV: 11    Int:  9    God:
Gold:   234        SH:  0    Dex: 15    Spells: 6/6 levels left

rFire   . . .      SeeInvis .   a - +0 shortbow
rCold   . . .      Faith    .   (shield currently unavailable)
rNeg    + . .      Spirit   .   c - +0 leather armour
rPois   ∞          Reflect  .   (no helmet)
rElec   +          Harm     .   (no cloak)
rCorr   .          Rampage  .   o - +0 pair of gloves
Will    .....                   (no boots)
Stlth   ++........              (no amulet)
HPRegen 0.13/turn               (no ring)
MPRegen 0.10/turn               (no ring)

@: no status effects
A: sickness immunity, AC +4, negative energy resistance 1, electricity
resistance, torment resistance 1, petrification resistance
a: no special abilities


You were on level 3 of the Dungeon.
You visited 1 branch of the dungeon, and saw 4 of its levels.

You collected 234 gold pieces.

Inventory:

Hand Weapons
 a - a +0 shortbow (weapon)
Armour
 c - a +0 leather armour (worn)
 d - a +0 ring mail
 o - a +0 pair of gloves (worn)
Scrolls
 b - a scroll of immolation
 e - a scroll of identify
Potions
 f - a potion of resistance
 g - 3 potions of curing
 h - a potion of attraction
 k - a potion of mutation


   Skills:
 - Level 2.1 Fighting
 + Level 8.6 Ranged Weapons
 - Level 1.5 Dodging
 - Level 1.1 Stealth


You had 6 spell levels left.
You didn't know any spells.
Your spell library contained the following spells:

 Spells                   Type           Power      Damage    Failure   Level
 Necrotise                Necr           0%         1d4       45%         1
 Vampiric Draining        Necr           0%         2d6       83%         3
 Agony                    Necr           0%         N/A       100%        5


Dungeon Overview and Level Annotations

Branches:
Dungeon (4/15)
 Temple: D:4-7

Altars:
Ashenzari
Gozag
Makhleb
Qazlal
Vehumet
Yredelemnul
The Shining One

Annotations:
D:3 1 transporter


Innate Abilities, Weirdness & Mutations

You are immune to sickness and miasma.
Your stone body is resilient. (AC +4)
You are immune to poison.
You resist negative energy. (rN+)
You are resistant to electric shocks. (rElec)
You are resistant to unholy torment.
You are immune to petrification.


Message History

The killer bee zombie closely misses you.
The killer bee zombie hits you but does no damage.
Shpeech's ghost closely misses you. The centaur zombie hits you.
* * * LOW HITPOINT WARNING * * *
The centaur zombie kicks you but does no damage.
The killer bee zombie hits you.
* * * LOW HITPOINT WARNING * * *
Fire: a) +0 shortbow
Press: ? - help, Q - select action Shift-Dir - straight line, f/p - shpeech's ghost
Aim: shpeech's ghost (severely damaged, 74% to hit)
You shoot an arrow. The arrow hits shpeech's ghost!
You destroy shpeech's ghost!
The centaur zombie hits you but does no damage.
The centaur zombie misses you. The killer bee zombie misses you.
The centaur zombie barely misses you.
The centaur zombie kicks you but does no damage.
The wyvern skeleton barely misses you.
The killer bee zombie hits you but does no damage.
Fire: a) +0 shortbow
Press: ? - help, Q - select action Shift-Dir - straight line, f - wyvern skeleton
Aim: a wyvern skeleton (heavily damaged, 87% to hit)
You shoot an arrow. The arrow hits the wyvern skeleton.
The wyvern skeleton is heavily damaged.
The killer bee zombie misses you.
The centaur zombie closely misses you. x2
The wyvern skeleton bites you.
* * * LOW HITPOINT WARNING * * *
Fire: a) +0 shortbow
Press: ? - help, Q - select action Shift-Dir - straight line, f/p - wyvern skeleton
Aim: a wyvern skeleton (heavily damaged, 87% to hit)
You shoot an arrow. The arrow hits the wyvern skeleton.
The wyvern skeleton is severely damaged.
The killer bee zombie closely misses you.
The centaur zombie hits you.
* * * LOW HITPOINT WARNING * * *
The centaur zombie closely misses you. The wyvern skeleton bites you.
* * * LOW HITPOINT WARNING * * *
The killer bee zombie barely misses you.
The centaur zombie hits you but does no damage.
The centaur zombie barely misses you. The wyvern skeleton bites you!
You die...

#.............##......
#####.†#############.#####
#......(..........##.#
#.................##.#
#..#############..##.#
#..#...........#..##.#
#..#.....Z.....#..##.# #
#..#..###Z###..#..##.#
########..#=.#8#@#8#.$#..##.# ##
..........#....Z.Z...$#..##.####.
#######..©#.....©....(#©.##......
# ##..#...........#..#######. #
#..#..#8#.#8#..#..# ## #
#..#..###.###..#..# # #
#..#...........#..# ### # #
#..#..........©#..####.### #
#..#############...##.#.##


You could see a killer bee zombie, a centaur zombie, a wyvern skeleton and a
howler monkey skeleton.

Vanquished Creatures
  An ogre (D:4)
  A scorpion (D:3)
  The ghost of shpeech the Trooper, a weakling DsBe of Trog (D:3)
  A howler monkey (D:4)
  4 orc priests
  2 orc wizards
  5 adders
  A worm (D:4)
  5 dart slugs
  14 orcs
  7 ball pythons
  6 bats
  4 endoplasms
  2 giant cockroaches
  7 goblins
  9 hobgoblins
  7 jackals
  10 kobolds
  4 quokkas
  6 rats
97 creatures vanquished.

Vanquished Creatures (others)
  5 fungi (D:4)
  2 toadstools (D:4)
7 creatures vanquished.

Grand Total: 104 creatures vanquished

Notes
Turn   | Place    | Note
-------+----------+-------------------------------------------
     0 | D:1      | HoaS the Gargoyle Hunter began the quest for the Orb.
     0 | D:1      | Reached XP level 1. HP: 12/12 MP: 1/1
    40 | D:1      | Found a faded altar of an unknown god.
    70 | D:1      | Reached XP level 2. HP: 17/17 MP: 2/2
   325 | D:1      | Reached XP level 3. HP: 21/21 MP: 3/3
   328 | D:1      | Reached skill level 5 in Ranged Weapons
   877 | D:2      | Reached XP level 4. HP: 26/26 MP: 4/4
  1480 | D:3      | Reached skill level 6 in Ranged Weapons
  1495 | D:3      | Reached XP level 5. HP: 28/30 MP: 5/5
  1868 | D:3      | Found a glowing golden altar of the Shining One.
  2022 | D:3      | Found a transporter.
  2099 | D:3      | Noticed shpeech's ghost (weakling DsBe)
  2225 | D:3      | Reached skill level 7 in Ranged Weapons
  2225 | D:3      | Reached XP level 6. HP: 24/35 MP: 6/6
  2378 | D:3      | Found a transporter.
  2490 | D:4      | Found a radiant altar of Vehumet.
  2643 | D:4      | Found a broken altar of Ashenzari.
  2918 | D:4      | Reached skill level 8 in Ranged Weapons
  2918 | D:4      | Reached XP level 7. HP: 23/40 MP: 7/7
  2931 | D:4      | Found a burning altar of Makhleb.
  2931 | D:4      | Found an opulent altar of Gozag.
  3248 | D:4      | Found a basalt altar of Yredelemnul.
  3338 | D:4      | Found a stormy altar of Qazlal.
  3519 | D:3      | Killed shpeech's ghost
  3521 | D:3      | HP: 2/40 [wyvern skeleton (4)]
  3521 | D:3      | Mangled by a wyvern skeleton

Illustrated notes

Levels and vault maps discovered:
D:1:      ncdulo_watergridlock, layout_loops_cross,
          dreamdust_ecumenical_altar_statues, corexii_corridor_pit,
          minmay_splitting_lines
D:2:      layout_loops_ring, chequers_decorated_corner
D:3:      layout_loops_ring, marbit_many_paths, gammafunk_ghost_mausoleum
D:4:      layout_loops_ring, kennysheep_mini_moat, mainiacjoe_overflow_brackets,
          mainiacjoe_overflow_six_doors_small, jmf_multi_god_temple,
          general_overflow_altar, minmay_misc_feat_secret_circle,
          minmay_gold_behind_fungi, st_stairs_1, minmay_misc_feat_tiny

Skill      XL: |  1  2  3  4  5  6 |
---------------+-------------------+-----
Ranged Weapons | 5 6 7 8 |  8.6
Fighting       | |  2.1
Dodging        | |  1.5
Stealth        | |  1.1

Action                   |  1- 3 |  4- 6 |  7- 9 || total
-------------------------+-------+-------+-------++-------
Melee: Shortbow          |       |     3 |       ||     3
 Fire: Shortbow          |    82 |   197 |    55 ||   334
  Use: Scroll            |     1 |     5 |     6 ||    12
       Potion            |       |     5 |     1 ||     6
Armor: Leather armour    |    17 |    51 |    40 ||   108
Dodge: Dodged            |    17 |    57 |    57 ||   131

Table legend: (Time is in decaauts)
 A = Elapsed time spent in this place.
 B = Non-inter-level travel time spent in this place.
 C = Inter-level travel time spent in this place.
 D = Time resting spent in this place.
 E = Time spent auto-exploring this place.
 F = Levels seen in this place.
 G = Mean time per level.
                   A        B        C        D        E       F      G
               +--------+--------+--------+--------+--------+-----+--------+
         Total |   3584 |   3400 |    184 |    397 |   2344 |   4 |  896.0 |
       Dungeon |   3584 |   3400 |    184 |    397 |   2344 |   4 |  896.0 |
               +--------+--------+--------+--------+--------+-----+--------+

Top non-repeatable levels by time:
     D:3: 1257 daAuts
     D:4: 1007 daAuts
     D:1: 706 daAuts
     D:2: 612 daAuts
